 Dungeon Crawl Stone Soup version 0.25-a0-890-g62861fb195 (webtiles) character file.

Game seed: 18262787623276507226, levelgen mode: deterministic

142 Esekla the Conjurer (level 5, -5/37 HPs)
             Began as a Formicid Conjurer on May 2, 2020.
             Slain by a bullfrog (6 damage)
             ... on level 5 of the Dungeon.
             The game lasted 00:11:25 (1519 turns).

Esekla the Conjurer (Formicid Conjurer)             Turns: 1519, Time: 00:11:26

Health: -5/37      AC:  4    Str: 12    XL:     5   Next: 50%
Magic:  7/8        EV: 12    Int: 15    God:
Gold:   127        SH:  0    Dex: 12    Spells: 5/8 levels left

rFire    . . .     SeeInvis +   g - +0 short sword
rCold    . . .     Gourm    .   (no shield)
rNeg     . . .     Faith    .   i - +0 leather armour
rPois    .         Spirit   .   (helmet unavailable)
rElec    .         Reflect  .   (no cloak)
rCorr    .         Harm     .   b - +0 pair of gloves
MR       .....                  (no boots)
Stlth    ++........             (no amulet)
HPRegen  0.12/turn              (no ring)
MPRegen  0.11/turn              (no ring)

@: no status effects
A: permanent stasis, dig shafts and tunnels, four strong arms, antennae 3
a: Dig, Shaft Self


You were on level 5 of the Dungeon.
You were not hungry.

You visited 1 branch of the dungeon, and saw 5 of its levels.

You collected 127 gold pieces.

Inventory:

Hand Weapons
 g - a +0 short sword (weapon)
Armour
 b - a +0 pair of gloves (worn)
 i - a +0 leather armour (worn)
Jewellery
 m - an uncursed ring of see invisible {unknown}
Scrolls
 a - 3 scrolls of identify {unknown}
 d - 5 scrolls of remove curse {unknown}
 j - a scroll of blinking {unknown}
Potions
 e - a potion of ambrosia {unknown}
 f - a potion of mutation {unknown}
 h - 2 potions of brilliance {unknown}
 k - a potion of berserk rage {unknown}
 l - a potion of heal wounds {unknown}
Comestibles
 c - 3 rations


   Skills:
 * Level 1.6 Fighting
 + Level 1.3 Short Blades
 * Level 2.5 Armour
 + Level 2.2 Dodging
 - Level 2.4 Stealth
 + Level 2.4 Spellcasting
 + Level 4.3 Conjurations


You had 5 spell levels left.
You knew the following spells:

 Your Spells              Type           Power        Failure   Level  Hunger
a - Magic Dart            Conj           ##..         4%          1    #......
e - Searing Ray           Conj           ##....       7%          2    ###....

Your spell library contained the following spells:

 Spells                   Type           Power        Failure   Level  Hunger
 Dazzling Flash           Conj/Hex       #.....       32%         3    ###....
 Fulminant Prism          Conj/Hex       #.........   73%         4    #####..
 Iskenderun's Mystic Bla  Conj/Tloc      #.......     73%         4    #####..


Dungeon Overview and Level Annotations

Branches:
Dungeon (5/15)
 Temple: D:4-7

Altars:
Dithmenos


Innate Abilities, Weirdness & Mutations

You cannot be hasted, slowed, berserked, paralysed or teleported.
You can dig through walls and to a lower floor.
Your four strong arms can wield two-handed weapons with a shield.
You have a pair of large antennae on your head. (SInv)


Message History

Found an ivory wand.
A centaur comes into view.
The bullfrog closely misses you.
Found a stone staircase leading down.
The bullfrog closely misses you. The bullfrog closely misses you.
Found 24 stones.
The bullfrog hits you!
Found a stone staircase leading down.
You see here a coral ring.
m - a coral ring The bullfrog hits you but does no damage.
The bullfrog hits you.
* * * LOW HITPOINT WARNING * * *
The bullfrog hits you.
* * * LOW HITPOINT WARNING * * *
The giant cockroach bites you but does no damage.
There is a stone staircase leading up here.
The bullfrog hits you.
You die...

###..# ..... {..... .....
#/.# ##.#(#
.#####..#######....###
......................
........###..##...>###
#######.# #.h.l......#
#####s{###...s......# .#
c{{......###..F@.....#..#
.......#.###O...........#
.#####.#.##........###..#
#.#.#..............####
#...$........##........
#.........#.###.....###.
#........##.........l...
..........###.###.....##
...............# #.....#


You could see an ogre, a bullfrog, a hound, a leopard gecko and a giant
cockroach.

Vanquished Creatures
  A crimson imp (D:3)
  A centaur skeleton (D:4)
  A worker ant (D:4)
  Robin (D:4)
  2 adders (D:2)
  2 worms (D:2)
  An orc (D:3)
  2 giant cockroaches
  3 hobgoblins (D:2)
  5 bats
  2 frilled lizards
  3 goblins
  3 kobolds
  2 rats
29 creatures vanquished.

Notes
Turn   | Place    | Note
-------+----------+-------------------------------------------
     0 | D:1      | Esekla the Formicid Conjurer began the quest for the Orb.
     0 | D:1      | Reached XP level 1. HP: 13/13 MP: 3/3
   371 | D:2      | Reached XP level 2. HP: 19/19 MP: 1/5
   442 | D:2      | Learned a level 2 spell: Searing Ray
   503 | D:2      | Reached skill level 1 in Armour
   503 | D:2      | Reached skill level 4 in Conjurations
   622 | D:2      | Reached XP level 3. HP: 9/25 MP: 0/6
   849 | D:4      | Reached skill level 1 in Fighting
   849 | D:4      | Reached XP level 4. HP: 18/32 MP: 2/7
  1185 | D:3      | Reached skill level 1 in Short Blades
  1185 | D:3      | Reached XP level 5. HP: 34/37 MP: 3/8
  1248 | D:4      | Found a shadowy altar of Dithmenos.
  1477 | D:4      | Noticed Robin
  1486 | D:4      | Killed Robin
  1490 | D:4      | You fall into a shaft and drop 1 floor!
  1490 | D:5      | Entered Level 5 of the Dungeon
  1494 | D:5      | Noticed an ogre
  1499 | D:5      | Noticed a bullfrog
  1507 | D:5      | Noticed a centaur
  1517 | D:5      | HP: 1/37 [bullfrog (5)]
  1519 | D:5      | Slain by a bullfrog

Levels and vault maps discovered:
D:1:      sevenhm_arrival_forest_fort_large_4, layout_basic
D:2:      layout_loops_ring, first_ration
D:3:      layout_rooms, chequers_ecumenical_altar_lobes, cheibrodos_gnoll_hut
D:4:      layout_cave_pools, lemuel_crystal_altar,
          nicolae_overflow_hidden_temple,
          nicolae_dithmenos_through_a_glass_darkly, uniq_grinder, uniq_robin,
          uniq_pikel
D:5:      layout_loops_ring, uniq_duvessa

Skill      XL: |  1  2  3  4 |
---------------+-------------+-----
Armour         | 1 2 |  2.5
Conjurations   | 4 |  4.3
Fighting       | 1 |  1.6
Dodging        | 2 |  2.2
Short Blades   | 1 |  1.3
Stealth        | |  2.4
Spellcasting   | |  2.4

Action                   |  1- 3 |  4- 6 || total
-------------------------+-------+-------++-------
Melee: Short sword       |    23 |    43 ||    66
       Unarmed           |     2 |       ||     2
 Cast: Magic Dart        |    16 |     5 ||    21
       Searing Ray       |     2 |     9 ||    11
 Abil: Shaft Self        |       |     1 ||     1
 Stab: Sleeping          |     1 |       ||     1
  Eat: Chunk             |       |     3 ||     3
Armor: Robe              |    11 |       ||    11
       Leather armour    |     3 |    19 ||    22
Dodge: Dodged            |    26 |    53 ||    79

Table legend:
 A = Non-vault XP
 B = Vault XP
 C = Vault XP percentage of total XP
 D = Non-vault monster count
 E = Vault monster count
 F = Vault count percentage of total count
                 A         B        C        D         E       F
            +---------+---------+-------+---------+---------+-------
      Total |     189 |      15 |   7.4 |      28 |       1 |   3.4
            +---------+---------+-------+---------+---------+-------
        D:1 |       4 |       0 |   0.0 |       4 |       0 |   0.0
        D:2 |      53 |       0 |   0.0 |      14 |       0 |   0.0
        D:3 |      57 |       0 |   0.0 |       8 |       0 |   0.0
        D:4 |      75 |      15 |  16.7 |       2 |       1 |  33.3
            +---------+---------+-------+---------+---------+-------
